 Dungeon Crawl Stone Soup version 0.19.0-9-gfd783f2 (webtiles) character file.

5352 dobroeutro the Markscentaur (level 10, 0/74 HPs)
             Began as a Centaur Hunter on Nov 7, 2016.
             Was a Priest of the Shining One.
             Succumbed to a hornet's poison
             ... while paralysed by a hornet
             ... on level 9 of the Dungeon.
             The game lasted 00:20:14 (9775 turns).

dobroeutro the Markscentaur (Centaur Hunter)        Turns: 9775, Time: 00:20:15

Health: 0/74       AC: 13    Str: 17    XL:     10   Next: 38%
Magic:  10/10      EV:  1    Int: 10    God:    the Shining One [***...]
Gold:   749        SH:  0    Dex: 11    Spells: 0 memorised, 9 levels left

rFire  . . .     SeeInvis .     a - +1 shortbow
rCold  . . .     Gourm    .     r - +4 ring mail
rNeg   + . .     Faith    .     (shield currently unavailable)
rPois  .         Spirit   .     H - +1 helmet
rElec  .         Reflect  .     t - +1 cloak
rCorr  .         Harm     .     (no gloves)
MR     +....                    (no barding)
Stlth  ..........               J - amulet of rage
                                p - ring of protection from magic
                                I - +2 ring of evasion

@: paralysed, lethally poisoned (0 -> -7), slowed, glowing, very quick
A: hooves 3, deformed body, speed 2, tough skin 3
a: Divine Shield, Renounce Religion, Evoke Berserk Rage


You were on level 9 of the Dungeon.
You worshipped the Shining One.
The Shining One was most pleased with you.
You were not hungry.

You visited 2 branches of the dungeon, and saw 10 of its levels.
You also visited: Ossuary.

You collected 749 gold pieces.

Inventory:

Hand Weapons
 a - a +1 shortbow (weapon)
 e - a +4 short sword of speed
Missiles
 d - 35 arrows (quivered)
Armour
 r - a +4 ring mail (worn)
 t - a +1 cloak (worn)
 H - a +1 helmet (worn)
Jewellery
 p - a ring of protection from magic (right hand)
 q - an uncursed ring of positive energy
 I - a +2 ring of evasion (left hand)
 J - an amulet of rage (around neck)
Wands
 c - a wand of digging (10/24)
 v - a wand of confusion (37/48)
 y - a wand of disintegration (8/24)
Scrolls
 g - 3 scrolls of teleportation
 i - 2 scrolls of identify
 m - 4 scrolls of remove curse
 o - a scroll of enchant weapon
 w - a scroll of immolation {unknown}
 D - a scroll of magic mapping
Potions
 h - 2 potions of might
 k - 2 potions of resistance
 l - 4 potions of curing
 s - 3 potions of agility
 x - a potion of ambrosia {unknown}
 z - 2 potions of brilliance
 A - a potion of degeneration {unknown}
 B - 2 potions of cancellation {unknown}
 C - 2 potions of mutation {unknown}
 F - 2 potions of magic {unknown}
 G - 2 potions of flight {unknown}
Comestibles
 b - 8 fruits
 f - 2 bread rations
 j - 3 beef jerkies
 n - 7 chunks of flesh
 u - 2 meat rations
 E - a slice of pizza


   Skills:
 + Level 2.5 Fighting
 - Level 5.0 Short Blades
 + Level 17.5 Bows
 + Level 0.9 Armour
 + Level 1.8 Dodging
 - Level 0.4 Stealth


You had 9 spell levels left.
You didn't know any spells.

Dungeon Overview and Level Annotations

Branches:
Dungeon (9/15)             Temple (1/1) D:4
   Lair: D:8-11         Orc: D:9-12

Altars:
Ashenzari
Cheibriados
Dithmenos
Elyvilon
Fedhas
Gozag
Hepliaklqana
Kikubaaqudgha
Makhleb
Nemelex Xobeh
Okawaru
Qazlal
Ru
Sif Muna
Trog
Uskayaw
Vehumet
Xom
Yredelemnul
Zin
The Shining One


Innate Abilities, Weirdness & Mutations

You have hooves in place of feet.
Armour fits poorly on your strangely shaped body.
You cover ground very quickly.
You have extremely tough skin. (AC +3)


Message History

Firing (i - inventory):
d - 37 arrows (quivered)
Press: ? - help, Shift-Dir - straight line, f/p - hornet
Aim: a hornet (heavily wounded, haloed)
You shoot an arrow. The arrow barely misses the hornet.
The arrow hits the orc warrior but does no damage.
You feel sick. The hornet stings you.
You feel as though you will be slow longer.
The orc warrior hits you from afar with a glaive.
Firing (i - inventory):
d - 36 arrows (quivered)
Press: ? - help, Shift-Dir - straight line, f/p - hornet
Aim: a hornet (heavily wounded, haloed)
You shoot an arrow. The arrow hits the hornet.
The hornet is heavily wounded.
You feel sick. The hornet stings you.
You suddenly lose the ability to move!
The hornet stings you but does no damage.
You feel sick.
The orc warrior hits you from afar with a glaive!!
* * * LOW HITPOINT WARNING * * *
The hornet barely misses you.
You die...

#...y.........#
###...........#
#......[....#
#...........# #+
######.###### #.##
#a# ..# #o# #.# #y#
###.## #@#
#....##### ###.###
.........#####.....#
#.<..###...........#
#....# #######.....#
#....# #.....#
###### #.....#
#######


You could see a soldier ant, a hornet and an orc warrior.

Vanquished Creatures
  Pikel (D:5)
  Joseph (D:7)
  A hornet (D:9)
  A hippogriff (D:8)
  Grinder (D:5)
  5 yaks
  Edmund (D:4)
  2 orc warriors
  An ice beast (D:5)
  A necrophage (D:7)
  A phantom (D:8)
  5 ogres
  6 bullfrogs
  3 scorpions
  6 killer bees
  3 howler monkeys
  5 wights (D:7)
  A bullfrog zombie (D:7)
  5 crimson imps
  A centaur zombie (D:7)
  A hound (D:8)
  Crazy Yiuf (D:3)
  A bullfrog skeleton (D:7)
  8 orc wizards
  4 orc priests
  An iron imp (D:6)
  Ijyb (D:2)
  An iguana (D:4)
  3 worker ants
  10 mummies
  5 gnolls
  8 adders
  A shadow imp (D:6)
  2 oozes
  An adder skeleton (D:7)
  2 worms
  3 dart slugs
  4 leopard geckos
  31 orcs
  4 giant cockroaches
  2 gnoll zombies (Ossuary)
  12 goblins
  6 hobgoblins
  11 jackals
  3 quokkas
  8 bats
  9 frilled lizards
  2 hobgoblin zombies (Ossuary)
  12 kobolds
  A kobold zombie (Ossuary)
  3 orc zombies (Ossuary)
  A rat (D:1)
213 creatures vanquished.

Vanquished Creatures (others)
  2 withered plants (D:7)
2 creatures vanquished.

Grand Total: 215 creatures vanquished

Notes
Turn   | Place    | Note
-------+----------+-------------------------------------------
     0 | D:1      | dobroeutro the Centaur Hunter began the quest for the Orb.
     0 | D:1      | Reached XP level 1. HP: 17/17 MP: 1/1
    43 | D:1      | Reached XP level 2. HP: 11/24 MP: 2/2
    79 | D:1      | Reached skill level 6 in Bows
  1040 | D:1      | Reached XP level 3. HP: 29/29 MP: 3/3
  1077 | D:1      | Reached skill level 1 in Short Blades
  1404 | D:2      | Found a hide-covered altar of Uskayaw.
  1727 | D:2      | Noticed Ijyb
  1743 | D:2      | Killed Ijyb
  1743 | D:2      | Reached XP level 4. HP: 31/36 MP: 4/4
  1975 | D:3      | Reached skill level 7 in Bows
  2014 | D:3      | Found a shadowy altar of Dithmenos.
  2410 | D:3      | Reached XP level 5. HP: 31/41 MP: 5/5
  2483 | D:3      | Found a runed door.
  2762 | D:3      | Found a glowing silver altar of Zin.
  3030 | D:3      | Noticed Crazy Yiuf
  3042 | D:3      | Killed Crazy Yiuf
  3042 | D:3      | Reached skill level 8 in Bows
  3107 | D:4      | Noticed an ogre
  3151 | D:3      | Reached XP level 6. HP: 26/48 MP: 6/6
  3461 | D:4      | Found a staircase to the Ecumenical Temple.
  3488 | Temple   | Entered the Ecumenical Temple
  3682 | Temple   | Became a worshipper of the Shining One
  3993 | D:4      | Reached skill level 9 in Bows
  3993 | D:4      | Reached XP level 7. HP: 20/55 MP: 7/7
  4300 | D:4      | Found a faded altar of an unknown god.
  4300 | D:4      | Found a faded altar of an unknown god.
  4305 | D:4      | Found a faded altar of an unknown god.
  4307 | D:4      | Found a faded altar of an unknown god.
  4309 | D:4      | Found a shimmering altar of Xom.
  4426 | D:5      | Entered Level 5 of the Dungeon
  4426 | D:5      | Noticed Edmund
  4586 | D:4      | Killed Edmund
  4656 | D:5      | Found a shadowy altar of Dithmenos.
  4710 | D:5      | Noticed Grinder
  4836 | D:5      | Found a shimmering altar of Xom.
  4922 | D:5      | Reached skill level 5 in Short Blades
  4955 | D:5      | Paralysed by Grinder for 6 turns
  4967 | D:5      | Killed Grinder
  4967 | D:5      | Reached skill level 10 in Bows
  5027 | D:5      | Noticed Pikel
  5114 | D:5      | Killed Pikel
  5114 | D:5      | Reached skill level 12 in Bows
  5114 | D:5      | Reached XP level 8. HP: 39/61 MP: 8/8
  5539 | D:6      | Found a stormy altar of Qazlal.
  5650 | D:6      | Reached skill level 13 in Bows
  5699 | D:6      | Found a white marble altar of Elyvilon.
  5739 | D:6      | Reached * piety under the Shining One
  5834 | D:6      | Found a deep blue altar of Sif Muna.
  5902 | D:6      | Found an iron altar of Okawaru.
  6001 | D:6      | Found a snail-covered altar of Cheibriados.
  6174 | D:7      | Found a sand-covered staircase.
  6179 | Ossuary  | Entered an ossuary
  6215 | Ossuary  | Reached ** piety under the Shining One
  6236 | Ossuary  | Reached XP level 9. HP: 66/67 MP: 9/9
  6682 | D:7      | Noticed Joseph
  6706 | D:7      | Killed Joseph
  6706 | D:7      | Reached skill level 14 in Bows
  7067 | D:7      | Reached *** piety under the Shining One
  7087 | D:7      | Reached skill level 15 in Bows
  7770 | D:8      | Reached skill level 16 in Bows
  7851 | D:8      | Found a radiant altar of Vehumet.
  8012 | D:8      | Found an ancient bone altar of Kikubaaqudgha.
  8125 | D:8      | Reached XP level 10. HP: 52/73 MP: 10/10
  8327 | D:8      | Found a hazy altar of Hepliaklqana.
  8684 | D:8      | Reached skill level 17 in Bows
  9397 | D:9      | Found an opulent altar of Gozag.
  9773 | D:9      | Paralysed by a hornet for 3 turns
  9774 | D:9      | HP: 1/74 [orc warrior/glaive (21)]
  9775 | D:9      | Succumbed to a hornet's poison

Skill      XL: |  1  2  3  4  5  6  7  8  9 10 |
---------------+-------------------------------+-----
Bows           | 6 7 8 9 12 13 16 17 | 17.5
Short Blades   | 2 3 4 5 |  5.0
Fighting       | |  2.5
Armour         | |  0.9
Dodging        | |  1.8
Stealth        | |  0.4

Action                   |  1- 3 |  4- 6 |  7- 9 | 10-12 || total
-------------------------+-------+-------+-------+-------++-------
Melee: Short sword       |   142 |   180 |   163 |   117 ||   602
       Kick              |    27 |    47 |    40 |    28 ||   142
 Fire: Shortbow          |     4 |    75 |   334 |    38 ||   451
Invok: Divine Shield     |       |       |     1 |       ||     1
  Use: Potion            |       |     1 |     6 |       ||     7
       Scroll            |       |       |    15 |       ||    15
  Eat: Chunk             |     1 |     7 |     1 |     4 ||    13
       Bread ration      |       |       |     2 |       ||     2
Armor: Leather armour    |    50 |    47 |    17 |       ||   114
       Robe              |       |       |    50 |    16 ||    66
       Ring mail         |       |       |       |     1 ||     1
Dodge: Dodged            |    47 |    81 |   108 |    57 ||   293
